 Dungeon Crawl Stone Soup version 0.29-a0-321-gf1c400731a (webtiles) character file.

Game seed: 2541777811113665922

154 kae the Firebug (level 5, -1/29 HPs)
             Began as a Tengu Fire Elementalist on Apr 4, 2022.
             Succumbed to a water moccasin's poison
             ... on level 3 of the Dungeon.
             The game lasted 00:01:51 (2879 turns).

kae the Firebug (Tengu Fire Elementalist)           Turns: 2879, Time: 00:01:51

Health: -1/29      AC:  2    Str:  6 (8)  XL:     5   Next: 35%
Magic:  6/9        EV: 14    Int: 15 (18) God:
Gold:   85         SH:  0    Dex: 11 (14) Spells: 3/9 levels left

rFire   . . .      SeeInvis .   j - +0 quarterstaff
rCold   . . .      Faith    .   (shield currently unavailable)
rNeg    . . .      Spirit   .   a - +0 robe
rPois   .          Reflect  .   (helmet restricted)
rElec   .          Harm     .   (no cloak)
rCorr   .          Rampage  .   (no gloves)
Will    .....                   (boots unavailable)
Stlth   ++........              (no amulet)
HPRegen 0.09/turn               (no ring)
MPRegen 0.11/turn               (no ring)

@: mighty, lethally poisoned (-1 -> -7), flying quickly and evasively, quick
A: beak, talons 3, nimble flight
a: no special abilities


You were on level 3 of the Dungeon.
You visited 1 branch of the dungeon, and saw 3 of its levels.

You collected 85 gold pieces.

Inventory:

Hand Weapons
 j - a +0 quarterstaff (weapon)
Armour
 a - a +0 robe (worn)
Scrolls
 c - a scroll of blinking
 d - a scroll of vulnerability {unknown}
 f - 3 scrolls of identify
 g - 2 scrolls of fog {unknown}
 h - 2 scrolls of immolation {unknown}
 m - a scroll of summoning {unknown}
 n - a scroll of teleportation {unknown}
Potions
 b - a potion of magic
 e - a potion of might
 k - a potion of degeneration
 l - a potion of heal wounds {unknown}


   Skills:
 + Level 1.2 Fighting
 + Level 1.8 Armour
 + Level 2.9 Dodging
 - Level 2.0 Stealth
 + Level 2.6 Spellcasting
 + Level 2.7 Conjurations
 * Level 4.4 Fire Magic


You had 3 spell levels left.
You knew the following spells:

 Your Spells              Type           Power      Damage    Failure   Level
a - Foxfire               Conj/Fire      48%        2x1d6     4%          1
b - Scorch                Fire           30%        2d7       4%          2
c - Conjure Flame         Conj/Fire      12%        6-21      14%         3

Your spell library contained the following spells:

 Spells                   Type           Power      Damage    Failure   Level
 Sandblast                Erth           2%         2d4       22%         1
 Summon Small Mammal      Summ           4%         N/A       22%         1
 Inner Flame              Hex/Fire       8%         N/A       26%         3
 Passwall                 Tmut/Erth      0%         N/A       32%         2
 Stone Arrow              Conj/Erth      12%        3d7       34%         3
 Call Canine Familiar     Summ           1%         N/A       54%         3
 Summon Guardian Golem    Hex/Summ       1%         N/A       54%         3
 Flame Wave               Conj/Fire      12%        2d6       43%         4


Dungeon Overview and Level Annotations

Branches:
Dungeon (3/15)

Altars:

Annotations:
D:3 1 runed translucent door, Crazy Yiuf, Ijyb


Innate Abilities, Weirdness & Mutations

You have a beak for a mouth.
You have claws for feet.
Your magical nature lets you fly swiftly and evasively.


Message History

Unknown command.
As you read the scroll labelled DUSEPE HOQEHY, it crumbles to dust.
It is a scroll of identify.
e - 2 potions of might You feel very mighty all of a sudden.
The water moccasin bites you! The water moccasin barely misses you.
You hit the water moccasin. Your peck misses the water moccasin.
The water moccasin is lightly wounded.
The water moccasin bites you. x2
You barely miss the water moccasin.
The water moccasin is lightly wounded.
The water moccasin bites you.
You are lethally poisoned!
The water moccasin poisons you! The water moccasin closely misses you.
You hit the water moccasin.
The water moccasin is moderately wounded.
* * * LOW HITPOINT WARNING * * *
You feel very sick. The water moccasin misses you.
You closely miss the water moccasin. You claw the water moccasin!
Your peck misses the water moccasin.
The water moccasin is severely wounded.
* * * LOW HITPOINT WARNING * * *
You feel very sick.
The water moccasin closely misses you. x2
Okay, then.
Blink to where?
Press: ? - help, Dir - move target
As you read the scroll of blinking, it crumbles to dust.
* * * LOW HITPOINT WARNING * * *
You feel very sick.
Your magical contamination has completely faded away.
It was a potion of flight.
You feel more buoyant.
* * * LOW HITPOINT WARNING * * *
You feel sick.
It was a potion of degeneration.
There was something very wrong with that liquid.
You feel weakened.
You feel dopey.
You feel clumsy.
You die...

# # ##### # #...# ####### #
##########...######.....## #
>......g.g.S....@))......## #
.#########...######)......###
# # #...# #.........#####
##### #.........[..##
###..PPPP....##
###..P...PP....
...P..8.P.....
###.P....PP.... #..P).PP..###


You could see a water moccasin and Ijyb.

Vanquished Creatures
  An orc wizard (D:3)
  4 adders
  An ufetubus (D:3)
  A worm (D:3)
  2 dart slugs
  4 orcs
  7 ball pythons
  6 bats
  3 endoplasms
  2 giant cockroaches (D:1)
  3 goblins
  4 hobgoblins
  4 jackals (D:2)
  A quokka (D:1)
  8 frilled lizards
  5 kobolds
  4 rats
60 creatures vanquished.

Vanquished Creatures (collateral kills)
  11 foxfires (D:2)
11 creatures vanquished.

Vanquished Creatures (others)
  An orc wizard (D:3)
  213 foxfires
  3 plants (D:2)
217 creatures vanquished.

Grand Total: 288 creatures vanquished

Notes
Turn   | Place    | Note
-------+----------+-------------------------------------------
     0 | D:1      | kae the Tengu Fire Elementalist began the quest for the
                  | Orb.
     0 | D:1      | Reached XP level 1. HP: 10/10 MP: 4/4
   156 | D:1      | Reached XP level 2. HP: 15/15 MP: 0/6
   710 | D:1      | Reached XP level 3. HP: 20/20 MP: 4/7
  1044 | D:1      | Learned a level 2 spell: Scorch
  1048 | D:1      | Learned a level 3 spell: Conjure Flame
  1255 | D:2      | Reached skill level 1 in Armour
  1907 | D:2      | Reached XP level 4. HP: 24/24 MP: 5/8
  1957 | D:2      | Reached skill level 4 in Fire Magic
  2223 | D:3      | Noticed a water moccasin
  2356 | D:3      | Found a runed translucent door.
  2357 | D:3      | Noticed Crazy Yiuf
  2413 | D:3      | Reached skill level 1 in Fighting
  2608 | D:3      | Gained mutation: Your magical nature lets you fly swiftly
                  | and evasively. [Tengu growth]
  2608 | D:3      | Reached XP level 5. HP: 20/29 MP: 5/9
  2864 | D:3      | Noticed Ijyb
  2878 | D:3      | HP: 1/29 [poisoned by a water moccasin]
  2879 | D:3      | Succumbed to a water moccasin's poison

Illustrated notes

Levels and vault maps discovered:
D:1:      psy_arrival_statuary, layout_basic, hex_large, minmay_lizard_pond
D:2:      layout_rooms, serial_forest, infiniplex_forest_clump_double,
          infiniplex_forest_straight_2, infiniplex_forest_end_3,
          infiniplex_forest_clump_long, infiniplex_forest_lined_3_way,
          infiniplex_forest_clump_tiny, infiniplex_forest_zigzag_1,
          infiniplex_forest_lined_3
D:3:      layout_basic, moated_statue, dreamdust_mushroom_princess, uniq_ijyb,
          uniq_crazy_yiuf_cottage

Skill      XL: |  1  2  3  4 |
---------------+-------------+-----
Conjurations   | 2 |  2.7
Armour         | 1 |  1.8
Fire Magic     | 4 |  4.4
Fighting       | 1 |  1.2
Dodging        | |  2.9
Stealth        | |  2.0
Spellcasting   | |  2.6

Action                   |  1- 3 |  4- 6 || total
-------------------------+-------+-------++-------
Melee: Quarterstaff      |     1 |    13 ||    14
       Kick              |     1 |     3 ||     4
       Unarmed           |     1 |       ||     1
       Peck              |       |     2 ||     2
 Cast: Foxfire           |   100 |    28 ||   128
       Scorch            |       |     7 ||     7
  Use: Scroll            |     1 |     2 ||     3
       Potion            |       |     3 ||     3
Armor: Robe              |     3 |     2 ||     5
Dodge: Dodged            |    13 |    18 ||    31

Table legend: (Time is in decaauts)
 A = Elapsed time spent in this place.
 B = Non-inter-level travel time spent in this place.
 C = Inter-level travel time spent in this place.
 D = Time resting spent in this place.
 E = Time spent auto-exploring this place.
 F = Levels seen in this place.
 G = Mean time per level.
                   A        B        C        D        E       F      G
               +--------+--------+--------+--------+--------+-----+--------+
         Total |   2880 |   2805 |     75 |      7 |   2363 |   3 |  960.0 |
       Dungeon |   2880 |   2805 |     75 |      7 |   2363 |   3 |  960.0 |
               +--------+--------+--------+--------+--------+-----+--------+

Top non-repeatable levels by time:
     D:1: 1238 daAuts
     D:2: 993 daAuts
     D:3: 649 daAuts
